 Dungeon Crawl Stone Soup version 0.22-a0-848-ge9e22a0 (webtiles) character file.

163 Kuinu the Skirmisher (level 5, -1/48 HPs)
             Began as a Minotaur Fighter on July 26, 2018.
             Killed from afar by an orc wizard (13 damage)
             ... with a puff of frost
             ... on level 4 of the Dungeon.
             The game lasted 00:03:48 (2047 turns).

Kuinu the Skirmisher (Minotaur Fighter)             Turns: 2047, Time: 00:03:52

Health: -1/48      AC:  7    Str: 21    XL:     5   Next: 20%
Magic:  4/4        EV:  7    Int:  5    God:
Gold:   222        SH:  9    Dex: 10    Spells: 4/4 levels left

rFire    . . .     SeeInvis .   a - +0 war axe
rCold    . . .     Gourm    .   c - +0 shield
rNeg     . . .     Faith    .   b - +0 scale mail
rPois    .         Spirit   .   (helmet restricted)
rElec    .         Reflect  .   (no cloak)
rCorr    .         Harm     +   (no gloves)
MR       .....                  (no boots)
Stlth    ..........             k - amulet of harm
HPRegen  0.16/turn              (no ring)
MPRegen  0.09/turn              (no ring)

@: no status effects
A: retaliatory headbutt, horns 2
a: no special abilities


You were on level 4 of the Dungeon.
You were not hungry.

You visited 1 branch of the dungeon, and saw 4 of its levels.

You collected 222 gold pieces.

Inventory:

Hand Weapons
 a - a +0 war axe (weapon)
Armour
 b - a +0 scale mail (worn)
 c - a +0 shield (worn)
Jewellery
 k - an amulet of harm (around neck)
Scrolls
 i - a scroll of teleportation {unknown}
 j - a scroll of fog {unknown}
 l - 3 scrolls of identify {unknown}
 o - a scroll of enchant weapon {unknown}
 p - a scroll of immolation {unknown}
Potions
 d - a potion of might
 e - a potion of haste {unknown}
 h - a potion of flight {unknown}
 m - 2 potions of magic {unknown}
 n - a potion of agility {unknown}
 q - a potion of brilliance {unknown}
 r - 2 potions of curing {unknown}
 s - a potion of resistance {unknown}
Comestibles
 f - 5 rations
 g - 3 chunks of flesh


   Skills:
 * Level 5.0 Fighting
 * Level 4.4 Axes
 + Level 4.3 Armour
 + Level 4.3 Shields


You had 4 spell levels left.
You didn't know any spells.
Your spell library was empty.

Dungeon Overview and Level Annotations

Branches:
Dungeon (4/15)
 Temple: D:4-7

Altars:
Elyvilon
Wu Jian
The Shining One


Innate Abilities, Weirdness & Mutations

You reflexively headbutt those who attack you in melee.
You have a pair of horns on your head.


Message History

The phantom blinks!
The orc wizard points at you and mumbles some strange words.
The magic dart hits you!
You hit the orc wizard.
The orc wizard is moderately wounded.
The orc wizard hits you with a dagger.
The orc wizard looks encouraged for a moment.
You hit the orc wizard but do no damage.
The orc wizard is lightly wounded.
The orc wizard hits you but does no damage.
The orc wizard casts a spell at you. The magic dart hits you!
* * * LOW HITPOINT WARNING * * *
You miss the orc wizard. Your headbutt misses the orc wizard.
The orc wizard is lightly wounded.
The orc wizard hits you with a dagger.
* * * LOW HITPOINT WARNING * * *
The orc wizard gestures at you while chanting.
The puff of frost hits you!
You die...

#................(.#
#......#..#.#.######
########..#.#.#
#..#.#.#
##.#.#.########
#.............
#..##.########
#...#.#########
#....oo@.......
###.#W#########
######...#
........o#
######.ยง)#
.......)>......
...............
...............
...............


You could see a phantom, an orc wizard and an orc.

Vanquished Creatures
  An orc wizard (D:4)
  Robin (D:2)
  3 adders
  An ooze (D:1)
  2 worms
  2 dart slugs (D:1)
  A leopard gecko (D:1)
  6 orcs (D:4)
  A giant cockroach (D:3)
  12 goblins
  8 hobgoblins
  3 jackals (D:3)
  2 quokkas
  A ball python (D:2)
  7 bats
  7 frilled lizards
  10 kobolds
  6 rats
74 creatures vanquished.

Notes
Turn   | Place    | Note
-------+----------+-------------------------------------------
     0 | D:1      | Kuinu the Minotaur Fighter began the quest for the Orb.
     0 | D:1      | Reached XP level 1. HP: 19/19 MP: 0/0
   105 | D:1      | Reached XP level 2. HP: 25/27 MP: 1/1
   172 | D:1      | Reached skill level 4 in Fighting
   315 | D:1      | You fall through a shaft!
   322 | D:2      | Reached XP level 3. HP: 33/33 MP: 2/2
   342 | D:2      | Found an ornate altar of the Wu Jian Council.
   377 | D:2      | Found a white marble altar of Elyvilon.
   749 | D:2      | Noticed Robin
   763 | D:2      | Killed Robin
   826 | D:2      | Reached XP level 4. HP: 39/41 MP: 3/3
  1767 | D:3      | Found a glowing golden altar of the Shining One.
  1996 | D:4      | Reached skill level 5 in Fighting
  1996 | D:4      | Reached XP level 5. HP: 44/48 MP: 4/4
  2029 | D:4      | Noticed a phantom
  2047 | D:4      | Killed from afar by an orc wizard

Vault maps used:
D:1:      evilmike_arrival_hilbert_curve
D:2:      old_standard_altar, old_standard_altar, uniq_robin
D:3:      minmay_wonky_spiral, first_ration, nicolae_tso_swordbearing_angel
D:4:      minmay_temple_entry_glass, uniq_ijyb, uniq_grinder

Skill      XL: |  1  2  3  4 |
---------------+-------------+-----
Fighting       | 4 5 |  5.0
Axes           | 3 4 |  4.4
Shields        | 4 |  4.3
Armour         | 4 |  4.3

Action                   |  1- 3 |  4- 6 || total
-------------------------+-------+-------++-------
Melee: War axe           |    82 |    78 ||   160
       Headbutt          |    10 |    10 ||    20
  Eat: Chunk             |       |     4 ||     4
Armor: Scale mail        |    49 |    38 ||    87
Dodge: Dodged            |    28 |    19 ||    47
Block: Shield            |    47 |    53 ||   100

Table legend:
 A = Spawn XP
 B = Non-spawn XP
 C = Spawn XP percentage of total XP
 D = Spawn monster count
 E = Non-spawn monster count
 F = Spawn count percentage of total count
 G = Total turns spent on level
                    A         B        C        D         E        F      G
               +---------+---------+-------+---------+---------+-------+---------
         Total |       0 |     233 |   0.0 |       0 |      74 |   0.0 |  2047
               +---------+---------+-------+---------+---------+-------+---------
           D:1 |       0 |      38 |   0.0 |       0 |      18 |   0.0 |   488
           D:2 |       0 |      60 |   0.0 |       0 |      18 |   0.0 |   623
           D:3 |       0 |      77 |   0.0 |       0 |      31 |   0.0 |   822
           D:4 |       0 |      58 |   0.0 |       0 |       7 |   0.0 |   114
               +---------+---------+-------+---------+---------+-------+---------
